AoeStats
← Behind You

Arena

510718070Analyzed
4v4 RM · 18h ago on Oct 2, 2026· 69m 20s· 8 players
Game mode
Random Map
Map size
Large (8 player)
Population
200
Speed
Normal
Resources
Standard
Victory
Conquest
Starting age
Dark Age
Ending age
Imperial Age
RankedLock teamsTeams togetherTeam positionsShared explorationLock speedFull tech treeHidden civsTurbo modeCheats
Victory
Defeat
🇬🇧 Cumans · United Kingdom
1356
+14
🇩🇪 Burgundians · Germany
1235
+18
🇲🇽 Slavs · Mexico
1231
+19
🇳🇱 Burmese · Netherlands
1220
+19
🇮🇳 Khmer · India
1360
-20
🇮🇩 Wei · Indonesia
1318
-19
🇻🇳 Varangians · Vietnam
1262
-16
🇹🇼 Gurjaras · Taiwan
1230
-15
danganharmy
10:11 Feudal Age
14:40 Castle Age
12:38 Horse Collar
13:26 Double-Bit Axe
23:19 Wheelbarrow
25:42 Hand Cart
26:22 Loom
26:22 Town Watch
27:05 Bow Saw
30:22 Imperial Age
28:27 Heavy Plow
29:11 Bloodlines
29:02 Husbandry
29:14 Forging
29:32 Scale Barding Armor
30:36 Iron Casting
29:50 Vendel Legacy
31:15 Gold Mining
31:26 Cavalier
33:46 Chain Barding Armor
35:49 Scale Mail Armor
37:01 Squires
36:47 Gambesons
38:39 Blast Furnace
37:54 Chain Mail Armor
37:27 Elite Varangian Guard
39:55 Plate Barding Armor
41:15 Plate Mail Armor
41:54 Pikeman
42:34 Light Cavalry
43:10 Heavy Scorpion
44:33 Stone Mining
45:29 Ballistics
46:10 Chemistry
45:16 Siege Engineers
49:23 Fletching
49:46 Masonry
49:17 Treadmill Crane
55:03 Fortified Wall
55:23 Architecture
56:36 Bodkin Arrow
57:29 Halberdier
66:20 Two-Man Saw
65:52 Crop Rotation
68:41 Guard Tower
Behind You
5:59 Loom
6:39 Loom
9:09 Feudal Age
10:06 Double-Bit Axe
11:59 Horse Collar
19:53 Fletching
20:12 Gold Mining
23:43 Castle Age
24:20 Crossbowman
31:10 Scale Mail Armor
32:27 Bodkin Arrow
32:47 Chain Mail Armor
36:58 Imperial Age
34:48 Padded Archer Armor
35:56 Bloodlines
35:46 Husbandry
36:51 Ballistics
37:42 Leather Archer Armor
37:33 Scale Barding Armor
38:48 Thumb Ring
38:08 Capped Ram
41:06 Bracer
42:11 Forging
43:10 Chemistry
41:57 Light Cavalry
45:10 Iron Casting
45:09 Ring Archer Armor
48:49 Pikeman
51:00 Parthian Tactics
55:21 Elite Skirmisher
65:58 Heavy Plow
Liam
10:57 Feudal Age
14:46 Castle Age
13:20 Double-Bit Axe
14:45 Loom
16:26 Bow Saw
20:07 Wheelbarrow
19:18 Town Watch
21:21 Horse Collar
24:39 Gold Mining
31:38 Forging
31:28 Scale Mail Armor
40:41 Imperial Age
43:39 Scale Barding Armor
45:18 Heavy Plow
45:33 Heavy Camel Rider
47:46 Husbandry
47:56 Bloodlines
48:53 Conscription
48:54 Kshatriyas
49:13 Conscription
50:00 Iron Casting
52:00 Frontier Guards
52:06 Light Cavalry
54:39 Chain Mail Armor
53:48 Elite Chakram Thrower
59:22 Hand Cart
63:54 Caravan
ayushdy2004
10:05 Feudal Age
13:09 Castle Age
15:36 Double-Bit Axe
18:12 Bow Saw
19:01 Horse Collar
22:12 Wheelbarrow
22:41 Heavy Plow
22:33 Gold Mining
24:34 Hand Cart
25:35 Gold Shaft Mining
24:51 Stone Mining
29:11 Imperial Age
27:23 Scale Barding Armor
27:52 Husbandry
28:02 Bloodlines
28:24 Chain Barding Armor
29:16 Forging
30:31 Plate Barding Armor
30:20 Ballistics
30:11 Masonry
29:24 Cavalier
31:39 Loom
31:39 Town Watch
32:46 Iron Casting
32:41 Siege Engineers
33:38 Chemistry
33:16 Stone Shaft Mining
32:10 Heavy Scorpion
33:01 Capped Ram
34:32 Scale Mail Armor
35:32 Blast Furnace
34:25 Elite Battle Elephant
36:34 Architecture
37:29 Fletching
38:02 Tusk Swords
38:23 Conscription
38:12 Siege Ram
44:13 Pikeman
45:11 Chain Mail Armor
44:52 Bodkin Arrow
50:39 Double Crossbow
51:15 Hoardings
50:21 Halberdier
54:23 Coinage
53:28 Light Cavalry
57:28 Hussar
Deathiscoming
9:06 Feudal Age
12:54 Horse Collar
15:49 Castle Age
19:58 Heavy Plow
21:32 Fervor
23:00 Gold Mining
23:00 Stone Mining
25:07 Gold Shaft Mining
24:24 Loom
25:39 Wheelbarrow
26:12 Town Watch
26:42 Hand Cart
31:30 Imperial Age
30:29 Scale Mail Armor
30:39 Forging
30:45 Squires
30:31 Gambesons
30:07 Man-at-Arms
30:08 Pikeman
31:11 Arson
31:44 Chain Mail Armor
31:21 Fletching
31:25 Treadmill Crane
32:06 Ballistics
31:25 Long Swordsman
32:46 Iron Casting
32:18 Padded Archer Armor
31:43 Halberdier
32:48 Conscription
33:40 Block Printing
34:01 Theocracy
33:51 Illumination
33:47 Sanctity
33:35 Scale Barding Armor
34:03 Plate Mail Armor
33:29 Bodkin Arrow
33:07 Elite Arambai
34:41 Husbandry
34:53 Bloodlines
36:03 Blast Furnace
35:04 Bracer
35:26 Chain Barding Armor
36:34 Parthian Tactics
37:14 Chemistry
36:49 Two-Handed Swordsman
38:32 Champion
39:18 Howdah
39:41 Town Patrol
41:09 Plate Barding Armor
40:04 Elite Battle Elephant
42:35 Manipur Cavalry
45:18 Masonry
45:13 Siege Engineers
45:34 Redemption
62:11 Architecture
61:53 Fortified Wall
64:06 Light Cavalry
Marv
7:49 Double-Bit Axe
10:38 Feudal Age
11:26 Man-at-Arms
13:12 Loom
16:31 Loom
19:33 Scale Mail Armor
24:35 Arson
33:26 Castle Age
31:55 Bow Saw
31:38 Gold Mining
32:59 Fletching
34:15 Squires
33:58 Crossbowman
34:58 Pikeman
39:12 Elite Skirmisher
42:17 Ballistics
41:56 Bodkin Arrow
43:18 Forging
44:23 Wheelbarrow
43:33 Town Watch
44:25 Chain Mail Armor
44:13 Padded Archer Armor
46:43 Iron Casting
46:24 Leather Archer Armor
47:29 Wheelbarrow
50:12 Hand Cart
52:34 Imperial Age
51:19 Fortified Wall
51:05 Murder Holes
52:08 Chain Mail Armor
51:35 Treadmill Crane
53:20 Bracer
54:21 Blast Furnace
53:34 Burgundian Vineyards
54:05 Hoardings
53:51 Conscription
55:29 Chemistry
54:21 Guard Tower
54:17 Arrowslits
54:46 Town Patrol
56:25 Plate Mail Armor
56:01 Scale Barding Armor
56:08 Masonry
55:23 Cavalier
56:03 Husbandry
56:30 Caravan
56:46 Guilds
61:32 Flemish Revolution
61:33 Elite Coustillier
61:44 Sappers
63:55 Keep
63:52 Architecture
64:49 Chain Barding Armor
63:51 Paladin
67:22 Plate Barding Armor
67:09 Bombard Tower
68:11 Coinage
zeeena
9:33 Feudal Age
10:00 Double-Bit Axe
11:55 Horse Collar
20:14 Castle Age
19:52 Wheelbarrow
19:03 Town Watch
20:05 Gold Mining
20:05 Stone Mining
20:15 Loom
21:08 Heavy Plow
21:23 Bow Saw
22:14 Gold Shaft Mining
24:56 Hand Cart
28:16 Imperial Age
26:42 Forging
26:38 Scale Barding Armor
27:01 Bloodlines
28:46 Chain Barding Armor
29:01 Iron Casting
28:42 Masonry
28:28 Murder Holes
28:25 Cavalier
30:27 Plate Barding Armor
29:58 Paladin
30:34 Fletching
30:45 Padded Archer Armor
31:45 Blast Furnace
31:30 Crop Rotation
32:02 Two-Man Saw
31:28 Ballistics
32:08 Chemistry
33:11 Pikeman
33:52 Squires
44:07 Steppe Husbandry
43:28 Elite Kipchak
44:29 Conscription
44:45 Hoardings
44:31 Scale Mail Armor
44:32 Padded Archer Armor
44:22 Fletching
46:02 Chain Mail Armor
45:17 Halberdier
47:52 Plate Mail Armor
47:37 Leather Archer Armor
47:18 Bodkin Arrow
47:14 Capped Ram
51:11 Light Cavalry
52:41 Siege Ram
59:03 Cuman Mercenaries
65:15 Hussar
b² - 4ac
10:24 Feudal Age
11:00 Man-at-Arms
14:18 Double-Bit Axe
15:13 Wheelbarrow
21:32 Castle Age
20:53 Gold Mining
20:47 Horse Collar
21:40 Long Swordsman
22:21 Squires
28:54 Scale Mail Armor
31:31 Pikeman
44:19 Bow Saw
49:07 Imperial Age
46:55 Chain Mail Armor
46:50 Forging
49:15 Capped Ram
49:19 Halberdier
50:31 Plate Mail Armor
50:36 Iron Casting
50:09 Siege Ram
53:12 Conscription
52:54 Detinets
Connection lost

Rejoining the realm…

Still unreachable

The connection could not be restored.

Session expired

The server has moved on; the page needs a fresh start.